 Dungeon Crawl Stone Soup version 0.22.0-78-g6c94d2c (webtiles) character file.

113 rlgrobin the Cutter (level 5, -10/33 HPs)
             Began as a Kobold Chaos Knight on Sept 16, 2018.
             Mangled by Crazy Yiuf
             ... wielding a +4 quarterstaff of chaos
              (12 damage)
             ... on level 2 of the Dungeon.
             The game lasted 00:09:29 (1962 turns).

rlgrobin the Cutter (Kobold Chaos Knight)           Turns: 1962, Time: 00:09:31

Health: -10/33     AC:  0    Str:  9    XL:     5   Next: 17%
Magic:  5/5        EV: 22    Int: 14    God:    Xom [..*...]
Gold:   80         SH:  0    Dex: 20    Spells: 4/4 levels left

rFire    . . .     SeeInvis .   (weapon currently unavailable)
rCold    . . .     Gourm    .   (shield currently unavailable)
rNeg     . . .     Faith    .   (armour currently unavailable)
rPois    .         Spirit   .   (helmet currently unavailable)
rElec    .         Reflect  .   (cloak currently unavailable)
rCorr    .         Harm     .   (gloves currently unavailable)
MR       .....                  (boots currently unavailable)
Stlth    +++.......             (no amulet)
HPRegen  0.11/turn              (ring currently unavailable)
MPRegen  0.09/turn              (ring currently unavailable)

@: bat-form, flying, very quick
A: tiny, carnivore
a: Renounce Religion


You were on level 2 of the Dungeon.
You worshipped Xom.
You were a toy of Xom.
You were completely stuffed.
You were in bat-form.
You visited 1 branch of the dungeon, and saw 2 of its levels.

You collected 80 gold pieces.


Innate Abilities, Weirdness & Mutations

You are small and have problems with some larger weapons.
You are carnivorous and can eat meat at any time.


   Skills:
 + Level 4.1 Fighting
 + Level 5.0 Short Blades
 - Level 0.7 Armour
 + Level 3.5 Dodging
 + Level 2.9 Stealth


You had 4 spell levels left.
You didn't know any spells.
Your spell library was empty.

Inventory:

Hand Weapons
 a - a +0 short sword of chaos (melded)
Armour
 b - a +2 leather armour (melded)
 d - a +0 cloak (melded)
 j - a +0 pair of gloves (melded)
 m - a +0 helmet (melded)
 n - a +0 pair of boots (melded)
Scrolls
 f - 2 scrolls of remove curse
 g - 2 scrolls of enchant weapon
 h - 2 scrolls of enchant armour
 o - a scroll of immolation {unknown}
Potions
 e - a potion of flight
 i - a potion of heal wounds {unknown}
 l - a potion of curing {unknown}
Comestibles
 c - 3 rations

Dungeon Overview and Level Annotations

Branches:
Dungeon (2/15)

Altars:

Annotations:
D:2 Crazy Yiuf

▒▒▒▒▒▒ ▒▒▒▒▒
▒▒..▒.▒▒ ▒▒▒..)▒
▒▒▒
▒......▒▒▒▒.b.bg▒
▒.▒▒▒
▒.....bg▒..▒▒.b.▒
▒...▒
▒.▒.▒..▒.▒▒▒▒▒▒▒▒
▒.... ▒.▒▒▒▒▒▒▒▒
▒▒.▒▒ ▒.▒ ▒..▒
▒.▒ ▒▒▒ ▒▒▒▒▒▒.▒
▒.▒▒▒▒▒▒.▒
▒....▒..
▒........▒
▒▒▒▒....
▒▒▒▒▒▒▒▒.▒ ▒▒▒..
▒.▒ ▒▒.


You could see Crazy Yiuf (petrifying).


Message History

You take 5 damage, and have 23/33 hp!
You miss Crazy Yiuf!
Xom guffaws!
Crazy Yiuf closely misses you!
There is an open door here!
You almost hear Xom's maniacal laughter!
Your eyebrows briefly feel incredibly bushy!
Your transformation is almost over!
Your transformation has ended!
Your +0 short sword of chaos is briefly surrounded by a scintillating aura of You perforate Crazy Yiuf like a sieve!
Crazy Yiuf is lightly wounded!
Crazy Yiuf yells, "Nubble aubergine light!!!"
Crazy Yiuf hits you with a quarterstaff of chaos!!!
DANG * * * don't die
* * * Crazy Yiuf freezes you! * * * don't die
* * * You take 23 damage, and have 2/33 hp!
MASSIVE DAMAGE!!!!!!
You skewer Crazy Yiuf like a kebab!
Crazy Yiuf is moving more slowly!
Crazy Yiuf is moderately wounded!
Crazy Yiuf glowers!
Crazy Yiuf zaps a wand!
You turn into a bat!
You maul Crazy Yiuf but do no damage!
Crazy Yiuf is moderately wounded!
You maul Crazy Yiuf!
Crazy Yiuf is moderately wounded!
Crazy Yiuf hits you with a quarterstaff of chaos!!! rip Xom giggles madly!!!

Action                   |  1- 3 |  4- 6 || total
-------------------------+-------+-------++-------
Melee: Short sword       |    93 |    79 ||   172
       Unarmed           |       |     7 ||     7
  Use: Scroll            |       |     4 ||     4
 Stab: Sleeping          |     4 |     1 ||     5
       Paralysed         |       |     1 ||     1
  Eat: Chunk             |     7 |     5 ||    12
Armor: Leather armour    |    24 |    19 ||    43
Dodge: Dodged            |    68 |    40 ||   108

Vault maps used:
D:1:      lemuel_arrival_funnel
D:2:      uniq_crazy_yiuf_cottage, uniq_robin

Notes
Turn   | Place    | Note
-------+----------+-------------------------------------------
     0 | D:1      | rlgrobin the Kobold Chaos Knight began the quest for the
                  | Orb.
     0 | D:1      | Reached XP level 1. HP: 14/14 MP: 1/1
   104 | D:1      | Reached XP level 2. HP: 16/19 MP: 2/2
   113 | D:1      | Reached skill level 1 in Stealth
   389 | D:1      | XOM: cloud trail
   513 | D:1      | Reached XP level 3. HP: 23/23 MP: 3/3
   648 | D:1      | Reached skill level 3 in Dodging
  1007 | D:2      | Reached skill level 2 in Stealth
  1007 | D:2      | Reached XP level 4. HP: 10/29 MP: 4/4
  1515 | D:2      | Reached skill level 4 in Fighting
  1579 | D:2      | XOM: divination: detect creatures
  1623 | D:2      | Noticed Robin
  1651 | D:2      | Reached skill level 5 in Short Blades
  1651 | D:2      | Reached XP level 5. HP: 21/33 MP: 5/5
  1678 | D:2      | Killed Robin
  1688 | D:2      | XOM: cast spell 'Summon Butterflies'
  1922 | D:2      | Found a runed door.
  1931 | D:2      | Noticed Crazy Yiuf
  1939 | D:2      | XOM: cast spell 'Summon Butterflies'
  1944 | D:2      | XOM: silly message
  1959 | D:2      | HP: 2/33 [Crazy Yiuf/quarterstaff of chaos (6)]
  1962 | D:2      | Mangled by Crazy Yiuf

Vanquished Creatures
  A worker ant (D:2)
  Robin (D:2)
  2 adders (D:2)
  A worm (D:2)
  A dart slug (D:1)
  2 leopard geckos
  4 giant cockroaches
  8 goblins
  12 hobgoblins
  A ball python (D:1)
  7 bats
  3 frilled lizards
  4 kobolds
  7 rats
54 creatures vanquished.
